 Dungeon Sprint DCSS version 0.23-a0-607-g760965b (webtiles) character file.

74 theanonym the Archer (level 4, -1/39 HPs)
             Began as a Deep Dwarf Hunter on Dec 20, 2018.
             Was a Follower of Makhleb.
             Slain by a jumping spider (2 damage)
             ... in the Dungeon (Sprint V: "Ziggurat Sprint").
             The game lasted 00:01:53 (89 turns).

theanonym the Archer (Deep Dwarf Hunter)              Turns: 89, Time: 00:01:54

Health: -1/39      AC: 17    Str: 34    XL:     4   Next: 9%
Magic:  4/4        EV:  9    Int: 11    God:    Makhleb [*.....]
Gold:   0          SH:  0    Dex: 18    Spells: 3/3 levels left

rFire    + . .     SeeInvis .   s - +7 longbow "Piercer" {penet, EV-2}
rCold    + . .     Gourm    .   (shield currently unavailable)
rNeg     . . .     Faith    .   g - +5 gold dragon scales
rPois    +         Spirit   .   (no helmet)
rElec    .         Reflect  .   (no cloak)
rCorr    .         Harm     .   (no gloves)
MR       .....     NoTele   +   (no boots)
Stlth    ..........             (no amulet)
HPRegen  0.00/turn              H - +6 ring of strength
MPRegen  0.09/turn              I - +6 ring of strength

@: mighty, agile, very slightly contaminated, non-regenerating
A: damage resistance, heal wounds, sense surroundings 1, no regeneration
a: Heal Wounds, Renounce Religion


Innate Abilities, Weirdness & Mutations

You are resistant to damage.
You can heal yourself by infusing magical energy.
You passively map a small area around you.
You do not regenerate.


   Skills:
 - Level 1.7 Fighting
 + Level 8.0 Bows
 - Level 2.1 Dodging
 - Level 1.2 Stealth


You had 3 spell levels left.
You didn't know any spells.
Your spell library was empty.

Skill      XL: |  1  2 |
---------------+-------+-----
Bows           | 6 8 |  8.0
Fighting       | |  1.7
Dodging        | |  2.1
Stealth        | |  1.2

Action                   |  1- 3 |  4- 6 || total
-------------------------+-------+-------++-------
 Fire: Longbow           |     6 |     2 ||     8
  Use: Potion            |     3 |       ||     3
       Scroll            |     1 |       ||     1
Armor: Gold dragon scale |     3 |     4 ||     7
Dodge: Dodged            |     1 |     6 ||     7

Inventory:

Hand Weapons
 a - a +1 shortbow
 b - a +0 short sword
 s - the +7 longbow "Piercer" (weapon) {penet, EV-2} Ammo fired by it will pass through the targets it hits, potentially hitting all targets in its path until it reaches maximum range. It affects your evasion (-2).
Missiles
 d - 15 arrows (quivered)
Armour
 c - a +0 leather armour
 g - +5 gold dragon scales (worn)
 J - the +15 Maxwell's patent armour {-Cast -Tele rElec MR+ rCorr}

   It insulates you from electricity.
   It affects your resistance to hostile enchantments.
   It prevents spellcasting.
   It prevents most forms of teleportation.
   It provides partial protection from all sources of acid and corrosion.
Magical Staves
 C - an uncursed staff of energy {!a}
Jewellery
 D - a +6 ring of dexterity
 E - a +6 ring of dexterity
 F - a +6 ring of intelligence
 G - a +6 ring of intelligence
 H - a +6 ring of strength (left hand)
 I - a +6 ring of strength (right hand)
Wands
 v - a wand of acid (7)
 y - a wand of disintegration (7)
 z - a wand of iceblast (7)
Scrolls
 f - 7 scrolls of fog
 n - 5 scrolls of remove curse
 r - 5 scrolls of identify
 t - a scroll of holy word
 u - 4 scrolls of amnesia
 x - 2 scrolls of fear
 B - 3 scrolls of blinking
Potions
 h - 6 potions of haste
 i - 7 potions of magic
 j - 4 potions of agility
 k - 2 potions of brilliance
 l - 2 potions of invisibility
 m - 4 potions of might
 o - 3 potions of berserk rage
 p - 4 potions of resistance
 q - 10 potions of heal wounds
 w - 10 potions of curing
Comestibles
 e - 7 rations You were in the Dungeon. You worshipped Makhleb. Makhleb was aware of your devotion. You were not hungry. You visited 1 branch

Dungeon Overview and Level Annotations

Branches:
Dungeon (1/1)

Altars:
Ashenzari
Cheibriados
Dithmenos
Elyvilon
Fedhas
Gozag
Hepliaklqana
Kikubaaqudgha
Makhleb
Nemelex Xobeh
Okawaru
Qazlal
Ru
Sif Muna
Trog
Uskayaw
Vehumet
Wu Jian
Xom
Yredelemnul
Zin
The Shining One
Beogh
Jiyva
Lugonu

Annotations:
D 1 transporter

**▓▓▓▓▓▓▓▓▓▓▓▓▓
8 ▓@8©8.▓.8©8.▓
, ▓ss}[.▓.....▓
▓.....▓.".).▓ ,
, ▓.....▓..†..▓
* ,
,▓....(▓.....▓
* ,
▓.....▓..©..▓
,©
▓..©..▓▓▓▓▓▓▓
*▓▓▓▓▓▓▓ * , ,
* ,8©8 , *


You could see a jumping spider and a scorpion.

Notes
Turn   | Place    | Note
-------+----------+-------------------------------------------
     0 | D        | Found the +6 Majin-Bo {vamp, Archmagi MP+6 Int+6}
     0 | D        | Found the +7 great mace "Firestarter" {inner flame, rF++}
     0 | D        | theanonym the Deep Dwarf Hunter began the quest for the
                  | Orb.
     0 | D        | Reached XP level 1. HP: 19/19 MP: 1/1
     0 | D        | Found a blossoming altar of Fedhas.
     1 | D        | Found a transporter.
     1 | D        | Found a viscous altar of Jiyva.
     1 | D        | Found an ancient bone altar of Kikubaaqudgha.
     1 | D        | Found a hazy altar of Hepliaklqana.
     1 | D        | Found a corrupted altar of Lugonu.
     1 | D        | Found an opulent altar of Gozag.
     1 | D        | Found a burning altar of Makhleb.
     4 | D        | Found a stormy altar of Qazlal.
     4 | D        | Found an iron altar of Okawaru.
     4 | D        | Found a sacrificial altar of Ru.
     4 | D        | Found a sparkling altar of Nemelex Xobeh.
     4 | D        | Found a deep blue altar of Sif Muna.
     4 | D        | Found a bloodstained altar of Trog.
     8 | D        | Found the +9 heavy crossbow "Sniper" {velocity, Acc+∞ SInv}
     8 | D        | Found the +10 dark maul {crush}
     8 | D        | Found the +15 Maxwell's patent armour {-Cast -Tele rElec
                  | MR+ rCorr}
     8 | D        | Found the +18 shield of the Gong {rElec rN+ MR+ EV-5}
     8 | D        | Found the cursed +14 obsidian axe {chop, +Fly SInv *Curse}
     9 | D        | Found the +6 shillelagh "Devastator" {shatter}
     9 | D        | Found the +11 plutonium sword {*Contam Stlth-}
     9 | D        | Found the +8 lance "Wyrmbane" {slay drac, rPois rF+ rC+
                  | AC+3}
     9 | D        | Found the +9 sword of Zonguldrok {reap}
     9 | D        | Found the cursed +13 scythe of Curses {drain, *Curse}
     9 | D        | Found the +0 sword of Power
     9 | D        | Found the +7 mace of Variability {chain chaos}
     9 | D        | Found the +7 Singing Sword {slice, sonic wave}
     9 | D        | Found the +7 longbow "Piercer" {penet, EV-2}
    21 | D        | Became a worshipper of Makhleb the Destroyer
    71 | D        | Reached skill level 6 in Bows
    71 | D        | Reached XP level 2. HP: 26/26 MP: 2/2
    73 | D        | Entered arena 2.
    73 | D        | Found a transporter.
    83 | D        | Entered arena 3.
    83 | D        | Noticed a scorpion
    83 | D        | Noticed a scorpion
    83 | D        | Noticed a jumping spider
    83 | D        | Found a transporter.
    84 | D        | HP: 7/26 [jumping spider (7)]
    87 | D        | Killed a scorpion
    87 | D        | Reached * piety under Makhleb
    87 | D        | Reached skill level 8 in Bows
    87 | D        | Reached XP level 3. HP: 8/32 MP: 3/3
    87 | D        | Reached XP level 4. HP: 10/39 MP: 4/4
    88 | D        | HP: 1/39 [jumping spider (9)]
    89 | D        | Slain by a jumping spider

Vanquished Creatures
  A scorpion (D)
  2 adders (D)
3 creatures vanquished.

Table legend:
 A = Turns spent in this place as a percentage of turns spent in the entire game.
 B = Non-inter-level travel turns spent in this place as a percentage of non-inter-level travel turns spent in the entire game.
 C = Inter-level travel turns spent in this place as a percentage of turns spent in this place.
 D = Turns resting spent in this place as a percentage of non-inter-level travel turns spent in this place.
 E = Turns spent auto-exploring this place as a percentage of non-inter-level travel turns spent in this place.
 F = Non-inter-level travel turns spent in this place divided by the number of levels of this place that you've seen.
                   A       B       C       D       E      F
               +-------+-------+-------+-------+-------+----------------------
         Total | 100.0 | 100.0 |   0.0 |   0.0 |   0.0 |  89.0
       Dungeon | 100.0 | 100.0 |   0.0 |   0.0 |   0.0 |  89.0
               +-------+-------+-------+-------+-------+----------------------
